General information
			
			
        
        - name: BNet
 
        - type: Ladder 1vs1/FFA
 
        - host: Battle.net
 
        - saver: BEAR_AND
 
        
map: MeltingValley 
        - players: 2
 
        - length: 23:55
 
        - speed: Fast
 - version: 1.22 W3XP
 - replay type:  

 
» download(77 KB)
Players
        team 1 (loser) 
              
              
» 
hitest (
teal | 25 APM | 601 actions | 23:53)
              
 4 Blademaster 
 2 Wind Walk
 2 Critical Strike
 
                » actions 
                
                | Basic commands | 161 |  | 
| Build / train | 60 |  | 
| Enter build submenu | 23 |  | 
| Enter hero's abilities submenu | 4 |  | 
| Right click | 3 |  | 
| Select / deselect | 288 |  | 
| Use ability | 62 |  | 
                601 total
 » units 
                
                | Peon | 12 |  | 
| Raider | 14 |  | 
| Kodo Beast | 1 |  | 
| Wind Rider | 8 |  | 
| Troll Batrider | 2 |  | 
                37 total
 » upgrades
                
                | Armor | 1 |  | 
| Ensnare | 1 |  | 
| Melee Weapons | 2 |  | 
| Envenomed Spears | 1 |  | 
| Ranged Weapons | 2 |  | 
                7 total
 » buildings
                
                | Altar of Storms | 1 |  | 
| Orc Burrow | 6 |  | 
| Voodoo Lounge | 1 |  | 
| War Mill | 1 |  | 
| Stronghold | 1 |  | 
| Watch Tower | 9 |  | 
| Beastiary | 2 |  | 
| Fortress | 1 |  | 
| Great Hall | 1 |  | 
| Tauren Totem | 1 |  | 
                24 total
 » build order
                00:08 Altar of Storms
00:17 Orc Burrow
00:49 Voodoo Lounge
01:33 War Mill
02:43 Stronghold
02:51 Watch Tower
02:59 Watch Tower
04:05 Watch Tower
04:09 Orc Burrow
05:13 Beastiary
05:19 Beastiary
06:33 Orc Burrow
07:57 Fortress
08:17 Orc Burrow
12:17 Orc Burrow
13:47 Orc Burrow
15:24 Great Hall
18:36 Watch Tower
19:52 Watch Tower
21:09 Watch Tower
21:28 Watch Tower
21:33 Watch Tower
21:36 Watch Tower
21:40 Tauren Totem
» items
                
                | Healing Salve | 1 |  | 
| Lesser Clarity Potion | 3 |  | 
| Scroll of Town Portal | 2 |  | 
| Orb of Lightning | 1 |  | 
| Potion of Healing | 2 |  | 
                9 total
  
               team 2 (winner) 
              
              
BEAR_AND (
purple | 139 APM | 3323 actions | 23:55)
              
 6 Mountain King 
 3 Storm Bolt
 2 Bash
 1 Avatar
 5 Paladin 
 3 Holy Light
 2 Divine Shield
 
                » actions 
                
                | Assign group hotkey | 39 |  | 
| Basic commands | 34 |  | 
| Build / train | 105 |  | 
| Enter build submenu | 36 |  | 
| Enter hero's abilities submenu | 12 |  | 
| Give item / drop item | 4 |  | 
| Remove unit from queue | 7 |  | 
| Right click | 1694 |  | 
| Select / deselect | 425 |  | 
| Select group hotkey | 841 |  | 
| Use ability | 126 |  | 
                3323 total
 » units 
                
                | Peasant | 25 |  | 
| Footman | 7 |  | 
| Sorceress | 7 |  | 
| Priest | 4 |  | 
| Spell Breaker | 2 |  | 
| Rifleman | 5 |  | 
                50 total
 » upgrades
                
                | Lumber Harvesting | 1 |  | 
| Masonry | 3 |  | 
| Backpack | 1 |  | 
| Sorceress Training | 2 |  | 
| Priest Training | 2 |  | 
| Magic Sentry | 1 |  | 
| Gunpowder | 1 |  | 
| Long Rifles | 1 |  | 
                12 total
 » buildings
                
                | Altar of Kings | 1 |  | 
| Barracks | 2 |  | 
| Farm | 17 |  | 
| Scout Tower | 6 |  | 
| Arcane Tower | 3 |  | 
| Keep | 2 |  | 
| Lumber Mill | 1 |  | 
| Arcane Vault | 3 |  | 
| Arcane Sanctum | 4 |  | 
| Town Hall | 2 |  | 
| Castle | 1 |  | 
| Guard Tower | 2 |  | 
| Blacksmith | 1 |  | 
                45 total
 » build order
                00:06 Altar of Kings
00:17 Barracks
00:33 Farm
00:49 Farm
01:53 Farm
02:30 Scout Tower
03:17 Arcane Tower
03:38 Scout Tower
04:23 Arcane Tower
04:25 Keep
04:25 Keep
04:30 Lumber Mill
05:12 Arcane Vault
05:33 Farm
05:36 Farm
06:24 Farm
07:03 Arcane Sanctum
07:05 Arcane Vault
07:08 Arcane Sanctum
07:13 Arcane Sanctum
08:12 Farm
08:13 Farm
08:14 Farm
10:27 Arcane Vault
10:32 Farm
10:37 Arcane Sanctum
11:13 Farm
11:16 Town Hall
11:52 Scout Tower
11:53 Scout Tower
11:53 Scout Tower
12:47 Arcane Tower
12:51 Scout Tower
13:42 Castle
14:01 Guard Tower
14:01 Guard Tower
14:40 Farm
14:41 Farm
14:42 Farm
14:42 Farm
14:43 Farm
14:43 Farm
15:40 Blacksmith
16:57 Barracks
23:40 Town Hall
» items
                
                | Scroll of Regeneration | 3 |  | 
| Lesser Clarity Potion | 4 |  | 
| Boots of Speed | 1 |  | 
| Scroll of Town Portal | 3 |  | 
| Staff of Sanctuary | 2 |  | 
                13 total
  
                Chat log
          
(11:00 / All) BEAR_AND: hahahahahhahahahhah
(11:15 / All) hitest: NICE MATURITY
(11:29 / All) BEAR_AND: angry?
(11:39 / All) hitest: nope
(11:50 / All) hitest: life is good
(12:04 / All) BEAR_AND: :)
(13:29 / All) BEAR_AND: hahahahahhahah
(13:39 / All) BEAR_AND: that's a fucking priestblock
(23:07 / All) BEAR_AND: LMFAO
(23:11 / All) BEAR_AND: ever micro?
(23:18 / All) hitest: GG BUT YOU ARE AN ASS
(23:20 / All) BEAR_AND: leave now
(23:27 / All) hitest: up yours
(23:33 / All) BEAR_AND: bye noob
(23:40 / All) hitest: you will never have friends or get laid
(23:43 / All) BEAR_AND: ty for free win
(23:46 / All) hitest: have a nice pitiful life
(23:53 / All) BEAR_AND: what i will do in about 1 hour proves both of those wrong :)